 Dungeon Crawl Stone Soup version 0.26.1-11-gd32895ea62 (webtiles) character file.

Game seed: 6707787350629147682

4729 Zeld the Frost Mage (level 10, -2/63 HPs)
             Began as an Octopode Transmuter on May 26, 2021.
             Was an Initiate of Gozag.
             Slain by an orc warrior
             ... wielding a +0 battleaxe
              (39 damage)
             ... in a bailey.
             The game lasted 00:23:55 (18671 turns).

Zeld the Frost Mage (Octopode Transmuter)          Turns: 18671, Time: 00:23:55

Health: -2/63      AC:  1    Str: 14    XL:     10   Next: 46%
Magic:  15/18      EV: 15    Int: 15    God:    Gozag
Gold:   350        SH:  5    Dex: 12    Spells: 5/20 levels left

rFire    . . .     SeeInvis .     - Unarmed
rCold    . . .     Faith    .   (no shield)
rNeg     . . .     Spirit   .   (helmet restricted)
rPois    .         Reflect  +   z - amulet of reflection
rElec    .         Harm     .   (no ring)
rCorr    +         Rampage  .   u - ring of resist corrosion
Will     .....                  (no ring)
Stlth    +++.......             (no ring)
HPRegen  0.20/turn              (no ring)
MPRegen  0.16/turn              (no ring)
                                (no ring)
                                (no ring)

@: wereblooded, gold aura
A: almost no armour, stealthy swim, amphibious, 8 rings, constrict 8, camouflage
1, gelatinous body 1
a: Renounce Religion, Potion Petition, Call Merchant, Bribe Branch


You were in a bailey.
You worshipped Gozag.
Gozag was aware of your devotion.
You visited 2 branches of the dungeon, and saw 9 of its levels.
You also visited: Bailey.

You collected 604 gold pieces.
You spent 128 gold pieces at shops.
You paid 126 gold pieces to Gozag.

Inventory:

Jewellery
 u - a ring of resist corrosion (right tentacle)
 z - an amulet of reflection (around mantle)
Wands
 w - a wand of iceblast (1)
 x - a wand of paralysis (4)
Scrolls
 b - 3 scrolls of remove curse
 d - a scroll of noise {unknown}
 e - a scroll of magic mapping
 h - a scroll of fear
 r - 7 scrolls of teleportation
 y - a scroll of enchant weapon {unknown}
Potions
 a - 2 potions of berserk rage
 c - 2 potions of curing
 f - 3 potions of attraction {unknown}
 i - 3 potions of lignification {unknown}
 j - a potion of invisibility {unknown}
 k - 3 potions of flight {unknown}
 l - a potion of haste {unknown}
 m - a potion of cancellation {unknown}
 o - a potion of brilliance {unknown}
 p - 2 potions of resistance {unknown}
 q - a potion of degeneration {unknown}
 s - 3 potions of mutation {unknown}
 t - a potion of might {unknown}
 v - 2 potions of heal wounds {unknown}


   Skills:
 + Level 4.1 Fighting
 + Level 4.4 Dodging
 - Level 3.0 Unarmed Combat
 * Level 5.5 Spellcasting
 * Level 6.1 Transmutations
 - Level 10.0 Ice Magic
 - Level 6.0 Poison Magic


You had 5 spell levels left.
You knew the following spells:

 Your Spells              Type           Power        Failure   Level
a - Beastly Appendage     Tmut           44%          1%          1
b - Wereblood             Tmut           22%          1%          2
c - Spider Form           Tmut/Pois      11%          3%          3
d - Ice Form              Ice/Tmut       28%          5%          4
e - Blade Hands           Tmut           11%          34%         5

Your spell library contained the following spells:

 Spells                   Type           Power        Failure   Level


Dungeon Overview and Level Annotations

Branches:
Dungeon (8/15)             Temple (1/1) D:7          Bailey (1/1)
   Lair: D:8-11

Altars:
Dithmenos
Elyvilon
Fedhas
Gozag
Hepliaklqana
Kikubaaqudgha
Makhleb
Nemelex Xobeh
Okawaru
Qazlal
Ru
Uskayaw
Wu Jian
Xom
Yredelemnul
Zin
The Shining One
Beogh

Shops:
D:7 }*


Innate Abilities, Weirdness & Mutations

You cannot wear most types of armour.
You are very stealthy in the water. (Stealth+)
You are amphibious.
You can wear up to eight rings at the same time.
You can use your tentacles to constrict eight enemies at once.
Your skin changes colour to match your surroundings (Stealth+).
Your rubbery body absorbs attacks. (AC +1, EV +1)


Message History

The orc knight roars a battlecry!
The orcs go into a battle-frenzy!
The kobold demonologist looks braver for a moment.
You bludgeon the orc warrior!
You kill the orc warrior!
The orc warrior splashes around in the water.
The orc warrior hits you with a +0 battleaxe!
You tentacle-slap the orc warrior. You grab the orc warrior.
The orc warrior is lightly wounded.
You howl as the wereblood boils in your veins!
You constrict the orc warrior, but do no damage.
The orc hits you but does no damage.
You tentacle-slap the orc warrior.
The orc warrior is lightly wounded.
You howl as the wereblood boils in your veins!
You constrict the orc warrior.
The orc warrior hits you with a +0 battleaxe!!!
Ouch! That really hurt!
You die...
Your body crumbles into a pile of gold.

#≈≈≈≈≈≈≈≈≈.# #.≈ #≈≈≈≈≈≈≈≈≈.#
#.≈ #≈≈≈≈≈≈≈≈≈.# #.≈
#≈≈≈≈≈≈≈≈#+# #'# #≈≈≈≈≈≈≈≈#
'.....' ...# #≈≈≈≈≈≈≈≈# '.....'
#....# #≈≈≈≈≈≈≈≈#
#####5''#####..# # #≈≈≈≈≈≈≈≈#$
#oooK.......#.. $#
#≈≈≈≈≈≈≈≈######@o≈≈...≈≈≈≈######
#≈≈≈≈≈≈≈≈≈≈≈≈≈≈≈≈≈≈...≈≈≈≈≈≈≈≈≈≈
#≈≈≈≈≈≈≈≈≈≈≈≈≈≈≈≈≈≈...≈≈≈≈≈≈≈≈≈≈
#≈≈≈≈≈≈≈≈≈≈≈≈≈≈≈≈≈≈...≈≈≈≈≈≈≈≈≈≈
#≈≈≈≈≈≈≈≈≈≈≈≈≈≈≈≈≈≈.$)≈≈≈≈≈≈≈≈≈≈
#≈≈≈≈≈≈≈≈≈≈≈≈≈≈≈.....).$$≈≈≈≈≈≈≈
#################...$$.$########
#.......# #.......#


You could see an orc knight, a kobold demonologist, 2 orc warriors, a crimson
imp (summoned) and an orc (strong).

Vanquished Creatures
  An orc knight (Bailey)
  A kobold demonologist (Bailey)
  The ghost of jlumianski the Caller, a novice FeSu of Makhleb (D:7)
  Menkaure (D:6)
  A water moccasin (D:7)
  3 ice beasts
  2 sky beasts
  A black bear (D:8)
  5 orc warriors (Bailey)
  3 phantoms
  3 ogres
  A centaur (D:6)
  The ghost of buriedalive the Chiller, an amateur DEIE (D:5)
  A big kobold (D:4)
  4 bullfrogs
  6 scorpions
  2 water moccasin skeletons
  5 electric eels (Bailey)
  A quasit (D:5)
  An orc wizard (D:4)
  2 orc priests
  2 centaur skeletons
  2 hounds
  A jelly (D:7)
  An iguana (D:5)
  6 worker ants
  A hound skeleton (D:5)
  A howler monkey skeleton (D:4)
  A worker ant zombie (D:5)
  17 gnolls
  13 adders
  A hound simulacrum (D:7)
  2 shadow imps
  5 white imps
  5 ufetubi
  4 oozes
  5 worms
  A dart slug (D:2)
  2 adder simulacra (D:7)
  3 leopard geckos
  28 orcs
  4 giant cockroaches
  12 hobgoblins
  10 jackals
  5 quokkas
  A ball python (D:4)
  13 bats
  9 frilled lizards
  19 goblins
  A jackal skeleton (D:7)
  13 kobolds
  7 rats
241 creatures vanquished.

Notes
Turn   | Place    | Note
-------+----------+-------------------------------------------
     0 | D:1      | Zeld the Octopode Transmuter began the quest for the Orb.
     0 | D:1      | Reached XP level 1. HP: 13/13 MP: 3/3
   364 | D:1      | You fall into a shaft and drop 1 floor!
   644 | D:1      | Reached XP level 2. HP: 18/18 MP: 5/5
   699 | D:1      | Learned a level 2 spell: Wereblood
  1260 | D:2      | Reached XP level 3. HP: 19/23 MP: 4/6
  1260 | D:2      | Found a stormy altar of Qazlal.
  1909 | D:2      | Reached XP level 4. HP: 27/29 MP: 5/7
  1918 | D:2      | Learned a level 3 spell: Spider Form
  2408 | D:2      | Reached XP level 5. HP: 26/34 MP: 7/9
  2669 | D:2      | Reached skill level 1 in Poison Magic
  2946 | D:2      | Learned a level 4 spell: Ice Form
  3269 | D:3      | Reached skill level 1 in Ice Magic
  3578 | D:3      | Found an iron altar of Okawaru.
  3942 | D:3      | Reached XP level 6. HP: 32/39 MP: 8/10
  4310 | D:3      | Noticed buriedalive's ghost (amateur DEIE)
  4319 | D:3      | Found a runed translucent gate.
  4320 | D:3      | Found a runed translucent gate.
  4321 | D:3      | Found a runed translucent gate.
  4324 | D:3      | Found a roughly hewn altar of Beogh.
  5075 | D:4      | Noticed a phantom
  5501 | D:3      | Reached skill level 2 in Ice Magic
  5941 | D:3      | Found an iron altar of Okawaru.
  6102 | D:3      | Found a roughly hewn altar of Beogh.
  6607 | D:4      | Found a sacrificial altar of Ru.
  6620 | D:4      | Noticed a phantom
  6639 | D:4      | Killed a phantom
  6640 | D:4      | Reached skill level 5 in Poison Magic
  6640 | D:4      | Reached XP level 7. HP: 41/45 MP: 3/11
  7266 | D:4      | Reached skill level 3 in Ice Magic
  7958 | D:4      | Reached skill level 4 in Ice Magic
  8135 | D:4      | Found a white marble altar of Elyvilon.
  8139 | D:4      | Found a hazy altar of Hepliaklqana.
  8539 | D:4      | Reached skill level 5 in Ice Magic
  8539 | D:4      | Reached XP level 8. HP: 46/50 MP: 5/12
  8679 | D:5      | Entered Level 5 of the Dungeon
  8785 | D:5      | Killed buriedalive's ghost
  8822 | D:5      | Got a vibrating lapis lazuli ring
  8852 | D:5      | Reached skill level 6 in Ice Magic
  9057 | D:5      | Found a sacrificial altar of Ru.
  9764 | D:5      | Reached skill level 7 in Ice Magic
 10049 | D:5      | Identified the ring of Yrizer {Ice Int-5 Dex+4 Slay+3} (You
                  | found it on level 5 of the Dungeon)
 10237 | D:6      | Reached skill level 8 in Ice Magic
 11014 | D:6      | Reached XP level 9. HP: 32/54 MP: 10/13
 11980 | D:6      | Found a hide-covered altar of Uskayaw.
 12082 | D:6      | Noticed Menkaure
 12096 | D:6      | Killed Menkaure
 12097 | D:6      | Reached skill level 9 in Ice Magic
 13594 | D:7      | Found Zapt's General Store.
 13606 | D:7      | Noticed jlumianski's ghost (novice FeSu)
 13630 | D:7      | Found a staircase to the Ecumenical Temple.
 13641 | D:7      | Reached skill level 10 in Ice Magic
 13794 | Temple   | Entered the Ecumenical Temple
 13959 | Temple   | Became a worshipper of Gozag Ym Sagoz the Greedy
 14037 | D:7      | Found a runed translucent gate.
 14037 | D:7      | Found a runed translucent gate.
 14037 | D:7      | Found a runed translucent gate.
 14362 | D:7      | Found Ureusch's Gadget Emporium.
 14365 | D:7      | Bought a wand of paralysis (6) for 128 gold pieces
 15274 | D:7      | Killed jlumianski's ghost
 15848 | D:8      | Reached XP level 10. HP: 63/63 MP: 16/16
 15854 | D:8      | Found a flagged portal.
 15868 | D:8      | Learned a level 5 spell: Blade Hands
 16047 | Bailey   | Entered a bailey
 16054 | Bailey   | Reached skill level 5 in Transmutations
 16250 | Bailey   | Noticed an orc knight
 16257 | Bailey   | Noticed a kobold demonologist
 17871 | Bailey   | Identified the +6 chain mail "Ycsehem" {Harm rElec Str+8}
 17881 | Bailey   | Noticed a kobold demonologist
 18230 | Bailey   | Noticed an orc knight
 18434 | Bailey   | Killed a kobold demonologist
 18435 | Bailey   | Reached skill level 5 in Spellcasting
 18548 | Bailey   | Killed an orc knight
 18671 | Bailey   | Slain by an orc warrior

Illustrated notes

Levels and vault maps discovered:
D:1:      wander_arrival_fairy_ring, layout_loops_corners
D:2:      layout_basic, st_stairs_3, grunt_decor_junction, grunt_qazlal_clouds
D:3:      layout_basic, biasface_ghost_orc_armoury, okawaru_ov_weapons_minmay
D:4:      cheibrodos_thug_alley, layout_rooms, lemuel_doored_altar, minitemple
D:5:      layout_loops_ring, basic_altar
D:6:      layout_basic, nicolae_overflow_crystal_walls, uniq_menkaure
D:7:      layout_rooms, minmay_temple_entry_statues_fountains,
          gammafunk_ghost_icy, serial_shops, shop_statue, kennysheep_mini,
          kennysheep_small_spiral
D:8:      layout_cave_pools, overflow_temple_1_default, lemuel_crystal_altar,
          old_standard_altar, enter_bailey_5
Temple:   nicolae_temple_figure_eight
Bailey:   bailey_axe_of_yendor_kennysheep, bailey

Skill      XL: |  1  2  3  4  5  6  7  8  9 10 |
---------------+-------------------------------+-----
Transmutations | 3 4 6 |  6.1
Fighting       | 2 3 4 |  4.1
Spellcasting   | 3 4 5 |  5.5
Poison Magic   | 3 5 6 |  6.0
Ice Magic      | 1 2 5 8 10 | 10.0
Dodging        | 3 4 |  4.4
Unarmed Combat | |  3.0

Action                   |  1- 3 |  4- 6 |  7- 9 | 10-12 || total
-------------------------+-------+-------+-------+-------++-------
Melee: Unarmed           |    58 |   151 |   463 |   104 ||   776
       Constrict         |    17 |    47 |    25 |    14 ||   103
       Tentacles         |     8 |    23 |    12 |    13 ||    56
       Kick              |     9 |    45 |    23 |     4 ||    81
       Punch             |     1 |     4 |     5 |     2 ||    12
 Cast: Beastly Appendage |    19 |    38 |    14 |     1 ||    72
       Wereblood         |     3 |     7 |     9 |     2 ||    21
       Ice Form          |       |     1 |    12 |     5 ||    18
       Spider Form       |       |       |    36 |     1 ||    37
       Blade Hands       |       |       |       |     3 ||     3
Evoke: Wand              |       |       |       |     8 ||     8
  Use: Scroll            |       |       |     9 |     3 ||    12
       Potion            |       |       |     2 |       ||     2
 Stab: Sleeping          |     1 |     1 |     1 |       ||     3
Armor: Skin              |    16 |    14 |    70 |     2 ||   102
Dodge: Dodged            |    61 |   143 |   375 |    51 ||   630
Block: Other             |       |       |     3 |    11 ||    14
       Reflection        |       |       |       |     3 ||     3
